Workbook

Sheet 企画書
A1: 様式第１号
AA3: 令和 | AE3: 年 | AH3: 月 | AK3: 日
B6: 福岡県知事 殿
B7: （公益財団法人福岡県水源の森基金理事長 経由）
U9: 所在地
AA10: =IF(AA9="","上の欄が狭い場合、この欄に続けてください","") -> 上の欄が狭い場合、この欄に続けてください
U11: 団体等の名称
AA12: =IF(AA11="","上の欄が狭い場合、この欄に続けてください","") -> 上の欄が狭い場合、この欄に続けてください
U13: 代表者役職
U14: （フリガナ）
U15: 代表者名
A18: ="令和"&IF(AF3<=3,AC3,AC3+1)&"年度福岡県森林づくり活動公募事業企画書" -> 令和年度福岡県森林づくり活動公募事業企画書
A20: ="令和"&IF(AF3<=3,AC3,AC3+1)&"年度において、福岡県森林づくり活動公募事業を実施したいので、福岡県森林づくり活動" -> 令和年度において、福岡県森林づくり活動公募事業を実施したいので、福岡県森林づくり活動
A21: 公募事業実施要領第３の既定に基づき、関係書類を添えて応募します。
A23: 記
B25: １ 関係書類
B27: （１）事業計画書 | O27: 別紙１－１のとおり
B29: （２）活動計画書 | O29: 別紙１－２のとおり
B31: （３）収支予算書 | O31: 別紙１－３のとおり
B33: （４）支出明細書 | O33: 別紙１－４のとおり
B35: （５）団体調書 | O35: 別紙１－５のとおり
B37: （６）役員名簿 | O37: 別紙１－６のとおり
B39: （７）その他関係書類

Sheet 別紙1-1
A1: 別紙１－１
A2: 事業計画書（総括）
A3: 応募区分 | C3: □ | D3: ＳＴＥＰ１ | I3: □ | J3: ＳＴＥＰ２ | O3: □ | P3: ＳＴＥＰ３ | U3: □ | V3: ＳＴＥＰ４
A4: 活動名称
A5: 活動目的
A6: 事業区分 | C6: □ | D6: 森林の整備・保全 | O6: □ | P6: 森林・林業の普及
C7: ※どちらの活動も行う場合、実施日数の多い方を選択すること
A8: 活動内容 (複数回答可） | C8: □ | D8: 里山林の整備・保全 | O8: □ | P8: 森林環境教育
C9: □ | D9: 松林の整備・保全 | O9: □ | P9: 木育
C10: □ | D10: 竹林の整備・保全 | O10: □ | P10: シンポジウム、発表会等屋内活動
C11: □ | D11: スギ・ヒノキ林の整備・保全（ | O11: □ | P11: 下草刈り | T11: □ | U11: 植栽 | W11: □ | X11: 除間伐 | AA11: □ | AB11: 枝打ち）
C12: □ | D12: その他森林の整備・保全 | N12: （ | O12: □ | P12: 下草刈り | T12: □ | U12: 植栽 | W12: □ | X12: 除間伐 | AA12: )
A13: 活動に係る 総額 | C13: =IF('別紙1-3'!$D$10=0,"自動入力 別紙1-4を入力してください",'別紙1-3'!$D$10) -> 自動入力 別紙1-4を入力してください | O13: 円 | Q13: 左の内、 補助金額 | V13: ='別紙1-3'!$D$6 -> 自動入力 別紙1-4を入力してください | AF13: 円
A14: 予定参加者 総数 | O14: 人 | Q14: 活動予定 回数 | AF14: 回
E15: （うち県内： | O15: 人 | P15: ）
A16: 活動に係る 補助金等の 受領予定 | C16: 他の公的な補助金や交付金等を受けている、又は受ける予定はあるか？
C17: □ | D17: 受けている、受ける予定 →（補助金等名称： | AG17: ）
C18: □ | D18: 受けていない、受ける予定が無い
A19: 安全確保 | C19: 福岡県森林づくり活動安全講習会 受講の予定：
C20: □ | D20: 有 | E20: （ | F20: □ | G20: 基礎講座（座学）、 | O20: □ | P20: 専門講座（実技）） | X20: □ | Y20: 無
A21: 自己ＰＲ欄
A22: （注）具体的な活動については、異なる活動ごとに活動計画書（別紙１－２）を作成すること。
A23: （注）実績参加者総数が予定参加者総数を下回った場合、補助金額が減額になることがある。

Sheet 別紙1-2
A1: 別紙１－２
A2: 活動計画書（個別）
A3: 個別名称の 活動
A4: 具体的な 活動内容
A5: 実施年月日 | D5: 令和 | H5: 年 | K5: 月 | N5: 日 | P5: （ | S5: 回のうち | Y5: 回目の活動）
A6: 予備日 | D6: 令和 | H6: 年 | K6: 月 | N6: 日
A7: 活動場所 | B7: 住所
G8: （通称： | AH8: )
B9: 現地の 状況
G10: （現地の下見： | M10: □ | N10: 済み・ | Q10: □ | R10: 今後予定）
A11: 参加者募集 の方法 | C11: □ | D11: ポスター、チラシ( | S11: で配布、 | AF11: に掲示）
C12: □ | D12: 広報誌等( | Q12: 広報誌、 | W12: 月号で掲載）
C13: □ | D13: ホームページ等 | K13: □ | L13: その他( | AH13: ）
A14: 予定 参加者数 | L14: 人
C15: （予定参加者数のうち、一般募集による参加者数： | AA15: 人）
C16: （予定参加者数のうち、企業等連携相手からの参加者数： | AA16: 人）
C17: （予定参加者数のうち、団体関係者の参加者数： | AA17: 人）
A18: 当日の スケジュール | B18: 時 間 | H18: 概 要 | N18: 詳 細
A25: 安全確保 | C25: 保険の加入： | H25: □ | I25: 有 | L25: □ | M25: 不要（理由： | AH25: ）
C26: ヘルメット： | H26: □ | I26: 使用 | L26: □ | M26: 不要（理由： | AH26: ）
C27: 救急箱の設置： | L27: □ | M27: 有
C28: 緊急時の連絡体制： | L28: □ | M28: 有
C29: その他安全への配慮：
A30: 使用用具 | C30: □ | D30: 鎌（かま） | H30: □ | I30: 鉈（なた） | N30: □ | O30: 鋸（のこ）
C31: □ | D31: 刈払機 | H31: □ | I31: チェーンソー | N31: □ | O31: 破砕機（ﾁｯﾊﾟｰ） | U31: □ | V31: その他 | Y31: （ | AH31: ）
A32: 備考
A33: （注）本様式は、異なる活動ごとに作成すること。

Sheet 別紙1-3
A1: 別紙１－３
B2: 収支予算書
B3: １ 収入
C5: 区分 | D5: 予算額（円） | E5: 備考
C6: 補助金 | D6: =IF('別紙1-4'!G35="","自動入力 別紙1-4を入力してください",'別紙1-4'!G35) -> 自動入力 別紙1-4を入力してください
C7: 自己負担額
C8: 参加費
C9: その他
C10: 合 計 | D10: =SUM(D6:D9) -> 0
B12: ２ 支出
C14: 区分 | D14: 予算額（円） | E14: 備考
C15: 報償費 | D15: ='別紙1-4'!F10 -> 0
C16: 旅費 | D16: ='別紙1-4'!F14 -> 0
C17: 需用費 | D17: ='別紙1-4'!F22 -> 0
C18: 役務費 | D18: ='別紙1-4'!F26 -> 0
C19: 使用料及び賃借料 | D19: ='別紙1-4'!F30 -> 0
C20: その他 | D20: ='別紙1-4'!F34 -> 0
C21: 合 計 | D21: =SUM(D15:D20) -> 0
C23: （注）区分毎の合計を記載すること。
C24: なお、区分毎の内訳については、別途支出明細書（別紙１－４）を作成すること。

Sheet 別紙1-4
A1: 別紙１－４
A2: 支出明細書
B3: 区分 | C3: 内容 | D3: 数量 | E3: 単価 （円） | F3: 金額 （円） | G3: 左の内、 希望補助金額（円） | H3: 備考
B4: 報償費 | C4: 講師謝金 | F4: =D4*E4 -> 0 | H4: 資格等 ：
H5: 実働時間： | J5: 時間／日
F6: =D6*E6 -> 0 | H6: 資格等 ：
H7: 実働時間： | J7: 時間／日
F8: =D8*E8 -> 0 | H8: 資格等 ：
H9: 実働時間： | J9: 時間／日
C10: 小計 | F10: =SUM(F4:F9) -> 0 | H10: 補助金上限額の50％以内
B11: 旅費 | C11: 講師旅費 | F11: =D11*E11 -> 0
F12: =D12*E12 -> 0
F13: =D13*E13 -> 0
C14: 小計 | F14: =SUM(F11:F13) -> 0 | H14: 補助金上限額の10％以内
B15: 需用費 | C15: 消耗品費 | F15: =D15*E15 -> 0
C16: 燃料代 | F16: =D16*E16 -> 0
C17: 印刷製本費 | F17: =D17*E17 -> 0
C18: 修繕費 | F18: =D18*E18 -> 0
C19: 資材購入費 | F19: =D19*E19 -> 0
F21: =D21*E21 -> 0
C22: 小計 | F22: =SUM(F15:F21) -> 0 | H22: 補助金上限額の100％以内
B23: 役務費 | F23: =D23*E23 -> 0
F25: =D25*E25 -> 0
C26: 小計 | F26: =SUM(F23:F25) -> 0 | H26: 補助金上限額の30％以内
B27: 使用料 及び 賃借料 | F27: =D27*E27 -> 0
F29: =D29*E29 -> 0
C30: 小計 | F30: =SUM(F27:F29) -> 0 | H30: 補助金上限額の60％以内
B31: その他 | F31: =D31*E31 -> 0
F33: =D33*E33 -> 0
C34: 小計 | F34: =SUM(F31:F33) -> 0 | H34: 補助金上限額の10％以内
B35: 合計 | F35: =F10+F14+F22+F26+F30+F34 -> 0 | G35: =IF(ROUNDDOWN(G10+G14+G22+G26+G30+G34,-3)=0,"",ROUNDDOWN(G10+G14+G22+G26+G30+G34,-3))
B36: （注）備考欄には、経費の具体的な内容を記載すること。
B37: （注）原則課税事業者の場合は税抜の金額で作成すること。
B38: （注）必要に応じて、行を追加して作成すること。

Sheet 別紙1-5
A1: 別紙１－５
A2: 団体調書
A3: 団体等 の名称 | G3: =IF(企画書!AA11="","",企画書!AA11&" "&企画書!AA12) | AA3: [設立年月： | AI3: 年 | AL3: 月]
A4: 代表者名 | G4: 役職 | L4: =企画書!AA13 -> 0 | W4: 氏名 | AA4: =企画書!AA15 -> 0
A5: 団体所在地 | H5: 〒 | L5: －
H6: =IF(企画書!AA9="","",企画書!AA9&" "&企画書!AA10)
A7: 団体連絡先 | H7: (電話) | Y7: (FAX)
H8: (E-mail) | Y8: (ﾎｰﾑﾍﾟｰｼﾞ)
A9: 書類送付先 | H9: □ | I9: 団体代表者宛・ | O9: □ | P9: 下記担当者宛・ | V9: □ | W9: その他（宛名： | AM9: ）
H10: 〒 | L10: －
A12: 担当者名 | G12: 役職 | W12: 氏名
A13: 担当者 連絡先 | H13: (電話) | Y13: (FAX)
H14: (E-mail)
A15: 設立目的
A16: 団体の 構成員数 | Q16: 人
A17: 財政状況 | H17: 消費税の取り扱いに係る団体区分：
I18: □ | J18: 免税事業者・ | O18: □ | P18: 簡易課税事業者・ | W18: □ | X18: 原則課税事業者
H19: 会費徴収の有無： | O19: □ | P19: 有（ | V19: 円／年） | AA19: □ | AB19: 無
A20: 活動実績
A21: 安全講習 | H21: 過去に、福岡県森林づくり活動安全講習会の受講 | Z21: □ | AA21: 有（ | AE21: 回）・ | AH21: □ | AI21: 無
A22: 企業等との 連携の有無 | H22: 連携 | K22: □ | L22: 有・ | N22: □ | O22: 無
H23: ※連携有の場合、以降記入
I24: 連携団体名： | Z24: 連携団体の会員数： | AK24: 人
I26: 具体的な連携内容： | Q26: □ | R26: 連携団体と協定を結んでいる
Q27: □ | R27: 団体役員に連携団体の代表者が含まれている
Q28: □ | R28: ３年以上同じ連携団体と活動を行ったことが確認できる
A29: 当団体は福岡県森林づくり活動公募事業実施要領及び募集要領に定める応募資格を満たしていることに
A30: 相違ありません。 | I30: □
A31: なお、上記の「団体所在地」・「団体連絡先」の情報について、福岡県ホームページ上で公開すること
A32: を | B32: （ | C32: □ | D32: 承諾します。 | J32: ・ | K32: □ | L32: 承諾しません。）

Sheet 別紙1-6
A1: 別紙１－６
A2: 役員名簿
A5: 役 職 | B5: 氏名のカナ （半角ｶﾀｶﾅ） | C5: 氏 名 | D5: 性別 （男 女） | E5: 生年月日 （T:大正、S:昭和、H:平成）
A6: （記入例） 代表者 | B6: ﾌｸｵｶ ﾀﾛｳ | C6: 福岡 太郎 | D6: 男 | E6: 27529
A20: 記載された役員名簿について、福岡県が福岡県警察本部に照会することについて、異議ありません。 | F20: □
A21: 虚偽の記載等が判明した場合は、採択の取消並びに補助金の返還申請等がなされても異存ありません。 | F21: □

Sheet 交付申請書
A1: 様式第１号（第６条関係）
AA3: 令和 | AC3: 9 | AE3: 年 | AF3: 4 | AH3: 月 | AK3: 日
B6: 福岡県知事 殿
U8: 所在地 | AA8: =企画書!AA9 -> 0
AA9: =企画書!AA10 -> 上の欄が狭い場合、この欄に続けてください
U10: 団体等の名称 | AA10: =企画書!AA11 -> 0
AA11: =企画書!AA12 -> 上の欄が狭い場合、この欄に続けてください
U12: 代表者役職 | AA12: =企画書!AA13 -> 0
U13: （フリガナ） | AA13: =企画書!AA14 -> 0
U14: 代表者名 | AA14: =企画書!AA15 -> 0
A16: ="令和"&IF(AF3<=3,AC3-1,AC3)&"年度福岡県森林づくり活動公募事業補助金交付申請書" -> 令和9年度福岡県森林づくり活動公募事業補助金交付申請書
A18: ="令和"&IF(AF3<=3,AC3-1,AC3)&"年度において、下記のとおり福岡県森林づくり活動公募事業を実施したいので、補助金を" -> 令和9年度において、下記のとおり福岡県森林づくり活動公募事業を実施したいので、補助金を
A19: 交付されるよう、福岡県県民参加の森林づくり推進事業補助金等交付要綱第６条の規定に基づき、
A20: 関係書類を添えて申請します。
A22: 記
B24: １ 補助対象経費 | L24: 金 | N24: ='別紙1-3'!D10 -> 0 | S24: 円
B26: ２ 補助金の額 | L26: 金 | N26: ='別紙1-3'!D6 -> 自動入力 別紙1-4を入力してください | S26: 円
B28: ３ 関係書類
B30: （１）事業計画書 | L30: 別紙１－１のとおり
B32: （２）収支予算書 | L32: 別紙１－３のとおり
B34: （３）その他関係書類 | L34: ・ | M34: 活動計画書 | S34: 別紙１－２のとおり
L35: ・ | M35: 支出明細書 | S35: 別紙１－４のとおり
L36: ・団体調書 | S36: 別紙１－５のとおり
L37: ・ | M37: 役員名簿 | S37: 別紙１－６のとおり
B39: ４ 事業完了予定年月日 | N39: 令和 | R39: 年 | U39: 月 | X39: 日

Sheet 実績報告書
A1: 様式第５号（第１０条関係）
Z3: 令和 | AB3: 10 | AD3: 年 | AE3: 3 | AG3: 月 | AJ3: 日
B4: 福岡県知事 殿
S6: 所在地 | Y6: =交付申請書!AA8 -> 0
Y7: =交付申請書!AA9 -> 上の欄が狭い場合、この欄に続けてください
S8: 団体等の名称 | Y8: =交付申請書!AA10 -> 0
Y9: =交付申請書!AA11 -> 上の欄が狭い場合、この欄に続けてください
S10: 代表者役職 | Y10: =交付申請書!AA12 -> 0
S11: （フリガナ） | Y11: =交付申請書!AA13 -> 0
S12: 代表者名 | Y12: =交付申請書!AA14 -> 0
A15: ="令和"&IF(AE3<=3,AB3-1,AB3)&"年度福岡県森林づくり活動公募事業実績報告書" -> 令和9年度福岡県森林づくり活動公募事業実績報告書
B17: 令和 | E17: 年 | G17: 月 | I17: 日付 | L17: 林振第 | Q17: ="号で補助金交付の決定のあった令和"&IF(AE3<=3,AB3-1,AB3)&"年度福岡県森林" -> 号で補助金交付の決定のあった令和9年度福岡県森林
A18: づくり活動公募事業を下記のとおり実施したので、福岡県県民参加の森林づくり推進事業補助金等交
A19: 付要綱第１２条第１項の規定に基づき、関係書類を添えてその実績を報告します。
A21: 記
A23: １ 事業成績書 | J23: 別紙３－１のとおり
A25: ２ 収支予算書 | J25: 別紙３－３のとおり
A27: ３ 事業完了年月日 | J27: 令和 | N27: 年 | Q27: 月 | T27: 日
A29: ４ その他関係書類 | J29: ・活動実績報告書 | R29: 別紙３－２のとおり
J30: ・支出明細書 | R30: 別紙３－４のとおり
J31: ・支出領収書
J32: ・活動状況写真
J33: ・購入した物品の写真
J34: ・参加者アンケートのとりまとめ表
J35: ・実施団体自己評価

Sheet 別紙3-1
A1: 別紙３－１
A2: 事業成績書（総括）
A3: 応募区分 | C3: ='別紙1-1'!C3 -> □ | D3: ＳＴＥＰ１ | I3: ='別紙1-1'!I3 -> □ | J3: ＳＴＥＰ２ | O3: ='別紙1-1'!O3 -> □ | P3: ＳＴＥＰ３ | U3: ='別紙1-1'!U3 -> □ | V3: ＳＴＥＰ４
A4: 活動名称 | B4: ='別紙1-1'!B4 -> 0
A5: 活動目的 | B5: ='別紙1-1'!B5 -> 0
A6: 事業区分 | C6: ='別紙1-1'!C6 -> □ | D6: 森林の整備・保全 | O6: ='別紙1-1'!O6 -> □ | P6: 森林・林業の普及
A7: 活動内容 (複数選択可） | C7: ='別紙1-1'!C8 -> □ | D7: 里山林の整備・保全 | O7: ='別紙1-1'!O8 -> □ | P7: 森林環境教育 | W7: □ | X7: その他（ | AG7: ）
C8: ='別紙1-1'!C9 -> □ | D8: 松林の整備・保全 | O8: ='別紙1-1'!O9 -> □ | P8: 木育
C9: ='別紙1-1'!C10 -> □ | D9: 竹林の整備・保全 | O9: ='別紙1-1'!O10 -> □ | P9: シンポジウム、発表会等屋内活動
C10: ='別紙1-1'!C11 -> □ | D10: スギ・ヒノキ林の整備・保全（ | O10: ='別紙1-1'!O11 -> □ | P10: 下草刈り | T10: ='別紙1-1'!T11 -> □ | U10: 植栽 | W10: ='別紙1-1'!W11 -> □ | X10: 除間伐 | AA10: ='別紙1-1'!AA11 -> □ | AB10: 枝打ち）
C11: ='別紙1-1'!C12 -> □ | D11: その他森林の整備・保全 | N11: （ | O11: ='別紙1-1'!O12 -> □ | P11: 下草刈り | T11: ='別紙1-1'!T12 -> □ | U11: 植栽 | W11: ='別紙1-1'!W12 -> □ | X11: 除間伐 | AA11: )
A12: 活動に係る 総額 | C12: ='別紙３-3'!C8 -> 0 | O12: 円 | Q12: 左の内、 補助金額 | V12: ='別紙３-3'!B5 | AF12: 円
A13: 参加者総数 | O13: 人 | Q13: 活動回数 | AF13: 回
A14: 安全確保 | C14: 今年度、受講した福岡県森林づくり活動安全講習会：
D15: □ | E15: 有（ | G15: □ | H15: 基礎講座（座学）、 | O15: □ | P15: 専門講座（実技）） | X15: □ | Y15: 無
A16: （注）具体的な活動実績については、異なる活動ごとに活動実績報告書（別紙３－２）を作成すること。

Sheet 別紙3-2
A1: 別紙３－２
A2: 活動実績報告書（個別）
A3: 個別名称の 活動
A4: 具体的な 活動内容
A5: 実施年月日 | D5: 令和 | H5: 年 | K5: 月 | N5: 日 | P5: （ | S5: 回のうち | Y5: 回目の活動）
A6: 活動場所
C7: （通称： | AH7: )
A8: 参加者募集 の方法 | C8: □ | D8: ポスター、チラシ( | S8: で配布、 | AF8: に掲示）
C9: □ | D9: 広報誌等( | Q9: 広報誌、 | W9: 月号で掲載）
C10: □ | D10: ホームページ等 | K10: □ | L10: その他( | AH10: ）
A11: 参加者数 | L11: 人
C12: （予定参加者数のうち、一般募集による参加者数： | AA12: 人）
C13: （予定参加者数のうち、企業等連携相手からの参加者数： | AA13: 人）
C14: （予定参加者数のうち、団体関係者の参加者数： | AA14: 人）
A15: 当日の スケジュール | B15: 時 間 | H15: 概 要 | N15: 詳 細
A21: 安全確保 | C21: 保険の加入： | H21: □ | I21: 有 | L21: □ | M21: 不要（理由： | AH21: ）
C22: ヘルメット： | H22: □ | I22: 使用 | L22: □ | M22: 不要（理由： | AH22: ）
C23: 救急箱の設置： | L23: □ | M23: 有
C24: 緊急時の連絡体制： | L24: □ | M24: 有
C25: その他安全への配慮：
A26: 事故・怪我 等の状況 | C26: □ | D26: なし | F26: ・ | H26: □ | I26: あり | K26: （ | L26: =IF(C26="□","※ありの場合、状況を記載","") -> ※ありの場合、状況を記載 | AH26: ）
A27: 使用用具 | C27: □ | D27: 鎌（かま） | H27: □ | I27: 鉈（なた） | N27: □ | O27: 鋸（のこ）
C28: □ | D28: 刈払機 | H28: □ | I28: チェーンソー | N28: □ | O28: 破砕機（ﾁｯﾊﾟｰ） | U28: □ | V28: その他 | Y28: （ | AH28: ）
A29: 参加者の 感想
A30: 備考
A31: （注）異なる活動ごとに作成すること。

Sheet 別紙３-3
A1: 別紙３－３
A2: 収支精算書
A3: １ 収入
A4: 区分 | B4: 予算額 （円） | C4: 精算額 （円） | D4: 増減額 （円） | E4: 備 考
A5: 補助金 | B5: ='別紙1-4'!G35 | D5: =C5-B5 -> #VALUE!
A6: 自己負担金 | B6: ='別紙1-3'!D7 -> 0 | D6: =C6-B6 -> 0
A7: 参加費 | B7: ='別紙1-3'!D8 -> 0 | D7: =C7-B7 -> 0
A8: その他 | B8: ='別紙1-3'!D9 -> 0 | D8: =C8-B8 -> 0
A9: 合計 | B9: =SUM(B5:B8) -> 0 | C9: =SUM(C5:C8) -> 0 | D9: =SUM(D5:D8) -> #VALUE!
A11: ２ 支出
A12: 区分 | B12: 予算額 （円） | C12: 精算額 （円） | D12: 増減額 （円） | E12: 備 考
A13: 報償費 | B13: ='別紙1-3'!D15 -> 0 | D13: =C13-B13 -> 0
A14: 旅費 | B14: ='別紙1-3'!D16 -> 0 | D14: =C14-B14 -> 0
A15: 需用費 | B15: ='別紙1-3'!D17 -> 0 | D15: =C15-B15 -> 0
A16: 役務費 | B16: ='別紙1-3'!D18 -> 0 | D16: =C16-B16 -> 0
A17: 使用料 及び賃借料 | B17: ='別紙1-3'!D19 -> 0 | D17: =C17-B17 -> 0
A18: その他 | B18: ='別紙1-3'!D20 -> 0 | D18: =C18-B18 -> 0
A19: 合 計 | B19: =SUM(B13:B18) -> 0 | C19: =SUM(C13:C18) -> 0 | D19: =SUM(D13:D18) -> 0
A20: （注）別紙１－３の予算額と対比させ、作成すること。
A21: なお、区分毎の内訳については、別途支出明細書（別紙3－４）を作成すること。
A22: （注）参加者総数が予定参加者総数に対し１割を超えて下回った場合の確定補助金上限額の計算式は
A23: 以下のとおり。
A24: 確定補助金上限額 ＝ 補助金交付決定額 × （参加者総数÷予定参加者総数）

Sheet 別紙３-4
A1: 別紙３－４
A2: 支出明細書
A3: 区分 | B3: 内容 | C3: 予算額 | E3: 精算額 | I3: 補助金の 増減額 （円） | J3: 備考
C4: 事業費 （円） | D4: 左の内、 補助金額 （円） | E4: 数量 | F4: 単価 （円） | G4: 事業費 （円） | H4: 左の内、 補助金額 （円）
A5: 報償費 | B5: 講師謝金
B8: 小計 | F8: =SUM(F5:F7) -> 0
A9: 旅費 | B9: 講師旅費
B12: 小計 | F12: =SUM(F9:F11) -> 0
A13: 需用費 | B13: 消耗品費
B14: 燃料代
B15: 印刷製本費
B16: 修繕費
B17: 資材購入費
B19: 小計 | F19: =SUM(F13:F18) -> 0
A20: 役務費
B22: 小計 | F22: =SUM(F20:F21) -> 0 | H22: =SUM(H20:H21) -> 0
A23: 使用料 及び 賃借料
B25: 小計 | F25: =SUM(F23:F24) -> 0
A26: その他
B28: 小計 | F28: =SUM(F26:F27) -> 0
A29: 合計 | F29: =F8+F12+F19+F22+F25+F28 -> 0 | H29: =ROUNDDOWN(H8+H12+H19+H22+H25+H28,-3) -> 0 | I29: =ROUNDDOWN(I8+I12+I19+I22+I25+I28,-3) -> 0
A30: （注）別紙１－４の予算額と対比させ、作成すること。
A31: （注）備考欄には具体的な内容を記載すること。
A32: （注）原則課税事業者の場合は税抜きの金額で作成すること。
A33: （注）必要に応じて、行を追加して作成すること。

Sheet 概算払請求書
A1: 様式第５号（第１０条関係）
Z3: 令和 | AB3: 9 | AD3: 年 | AG3: 月 | AJ3: 日
B4: 福岡県知事 殿
S5: 所在地 | Y5: =交付申請書!AA8 -> 0
Y6: =交付申請書!AA9 -> 上の欄が狭い場合、この欄に続けてください
S7: 団体等の名称 | Y7: =交付申請書!AA10 -> 0
Y8: =交付申請書!AA11 -> 上の欄が狭い場合、この欄に続けてください
S9: 代表者役職 | Y9: =交付申請書!AA12 -> 0
S10: （フリガナ） | Y10: =交付申請書!AA13 -> 0
S11: 代表者名 | Y11: =交付申請書!AA14 -> 0
A14: ="令和"&IF(AE3<=3,AB3-1,AB3)&"年度福岡県森林づくり活動公募事業補助金概算払請求書" -> 令和8年度福岡県森林づくり活動公募事業補助金概算払請求書
B16: 令和 | E16: 年 | G16: 月 | I16: 日付 | L16: 林振第 | Q16: ="号で補助金交付の決定のあった令和"&IF(AE3<=3,AB3-1,AB3)&"年度福岡県森林" -> 号で補助金交付の決定のあった令和8年度福岡県森林
A17: づくり活動公募事業について、福岡県県民参加の森林づくり推進事業補助金等交付要綱第１０条第１
A18: 項の規定に基づき、下記により金 | P18: 円を概算払によって交付されたく請求します。
A20: 記
A22: １ 概算払請求額
B23: 事業名 | E23: 事業費 | H23: 交 付 決定額 (A) | K23: 既受領額 | R23: 今回請求額 | Y23: 未受領額 | AF23: 事業 完了 予定 年月日 | AI23: 備考
K25: 金額 | O25: 出来高 | R25: 金額 | V25: 出来高 | Y25: 金額 | AC25: 出来高
B26: 福岡県森林づくり活動公募事業 | G26: 円 | J26: 円 | M26: 円 | Q26: ％ | U26: 円 | X26: ％ | AB26: 円 | AE26: ％
E27: =交付申請書!N24 -> 0 | R27: =IF(L18="","",L18) | Y27: =IF(R27="","",H27-R27) | AC27: =IF(V27="","",100-O27-V27) | AF27: ="令和"&交付申請書!P39&"年" -> 令和年
AF28: =交付申請書!S39&"月"&交付申請書!V39&"日" -> 月日
B30: 合計 | G30: 円 | J30: 円 | M30: 円 | Q30: ％ | U30: 円 | X30: ％ | AB30: 円 | AE30: ％
E31: =IF(E27="","",E27) -> 0 | H31: =H27 -> 0 | K31: =K27 -> 0 | O31: =O27 -> 0 | R31: =R27 | V31: =V27 -> 0 | Y31: =IF(Y27="","",Y27) | AC31: =IF(AC27="","",AC27)
A34: ２ 概算払を必要とする理由
A37: ３ 添付書類 | G37: ・概算払請求に係る事業成績書 | U37: 別紙２－１のとおり
G38: ・概算払請求に係る活動実績報告書 | U38: 別紙２－２のとおり
G39: ・概算払請求に係る収支計画書 | U39: 別紙２－３のとおり
G40: ・概算払請求に係る支出明細書 | U40: 別紙２－４のとおり

Sheet 別紙2-1
A1: 別紙２－１
A2: 概算払請求に係る事業成績書（総括）
A3: 応募区分 | C3: □ | D3: ＳＴＥＰ１ | I3: □ | J3: ＳＴＥＰ２ | O3: □ | P3: ＳＴＥＰ３ | U3: □ | V3: ＳＴＥＰ４
A4: 活動名称 | B4: ='別紙1-1'!B4 -> 0
A5: 活動目的 | B5: ='別紙1-1'!B5 -> 0
A6: 事業区分 | C6: ='別紙1-1'!C6 -> □ | D6: 森林の整備・保全 | O6: ='別紙1-1'!O6 -> □ | P6: 森林・林業の普及
A7: 活動内容 (複数選択可） | C7: ='別紙1-1'!C8 -> □ | D7: 里山林の整備・保全 | O7: ='別紙1-1'!O8 -> □ | P7: 森林環境教育 | W7: □ | X7: その他（ | AG7: ）
C8: ='別紙1-1'!C9 -> □ | D8: 松林の整備・保全 | O8: ='別紙1-1'!O9 -> □ | P8: 木育
C9: ='別紙1-1'!C10 -> □ | D9: 竹林の整備・保全 | O9: ='別紙1-1'!O10 -> □ | P9: シンポジウム、発表会等屋内活動
C10: ='別紙1-1'!C11 -> □ | D10: スギ・ヒノキ林の整備・保全（ | O10: ='別紙1-1'!O11 -> □ | P10: 下草刈り | T10: ='別紙1-1'!T11 -> □ | U10: 植栽 | W10: ='別紙1-1'!W11 -> □ | X10: 除間伐 | AA10: ='別紙1-1'!AA11 -> □ | AB10: 枝打ち）
C11: ='別紙1-1'!C12 -> □ | D11: その他森林の整備・保全 | N11: （ | O11: ='別紙1-1'!O12 -> □ | P11: 下草刈り | T11: ='別紙1-1'!T12 -> □ | U11: 植栽 | W11: ='別紙1-1'!W12 -> □ | X11: 除間伐 | AA11: )
A12: 活動に係る 総額 | C12: ='別紙1-1'!C13 -> 自動入力 別紙1-4を入力してください | O12: 円 | Q12: 左の内、 補助金額 | V12: ='別紙1-1'!V13 -> 自動入力 別紙1-4を入力してください | AF12: 円
A13: 参加者総数 | C13: ='別紙1-1'!C14 -> 0 | O13: 人 | Q13: 活動回数 | V13: ='別紙1-1'!V14 -> 0 | AF13: 回
A14: （注）具体的な活動実績については、異なる活動ごとに活動実績報告書（別紙２－２）を作成すること。

Sheet 別紙2-2
A1: 別紙２－２
A2: 概算払請求に係る活動実績報告書（個別）
A3: 個別名称の 活動
A4: 具体的な 活動内容
A5: 実施年月日 | D5: 令和 | H5: 年 | K5: 月 | N5: 日 | P5: （ | S5: 回のうち | Y5: 回目の活動）
A6: 活動場所 | B6: 住所
G7: （通称： | AH7: )
A8: 参加者募集 の方法 | C8: □ | D8: ポスター、チラシ( | S8: で配布、 | AF8: に掲示）
C9: □ | D9: 広報誌等( | Q9: 広報誌、 | W9: 月号で掲載）
C10: □ | D10: ホームページ等 | K10: □ | L10: その他( | AH10: ）
A11: 参加者数 | L11: 人
C12: （予定参加者数のうち、一般募集による参加者数： | AA12: 人）
C13: （予定参加者数のうち、企業等連携相手からの参加者数： | AA13: 人）
C14: （予定参加者数のうち、団体関係者の参加者数： | AA14: 人）
A15: 当日の スケジュール | B15: 時 間 | H15: 概 要 | N15: 詳 細
A21: 安全確保 | C21: 保険の加入： | H21: □ | I21: 有 | L21: □ | M21: 不要（理由： | AH21: ）
C22: ヘルメット： | H22: □ | I22: 使用 | L22: □ | M22: 不要（理由： | AH22: ）
C23: 救急箱の設置： | L23: □ | M23: 有
C24: 緊急時の連絡体制： | L24: □ | M24: 有
C25: その他安全への配慮：
A26: 事故・怪我 等の状況 | C26: □ | D26: なし | F26: ・ | H26: □ | I26: あり | K26: （ | L26: ※ありの場合、状況を記載 | AH26: ）
A27: 使用用具 | C27: □ | D27: 鎌（かま） | H27: □ | I27: 鉈（なた） | N27: □ | O27: 鋸（のこ）
C28: □ | D28: 刈払機 | H28: □ | I28: チェーンソー | N28: □ | O28: 破砕機（ﾁｯﾊﾟｰ） | U28: □ | V28: その他 | Y28: （ | AH28: ）
A29: 参加者の 感想
A30: 備考
A31: （注）異なる活動ごとに作成すること。

Sheet 別紙2-3
A1: 別紙２－３
A2: 概算払請求に係る収支計画書
A3: １ 収入
A4: 区分 | B4: 予算額 （円） | C4: 収入済額 （円） | D4: 今回収入計画（円） | E4: 今後収入見込額（円） | F4: 備考
A5: 補助金 | B5: ='別紙1-4'!G35 | E5: =B5-C5-D5 -> #VALUE!
A6: 自己負担金 | B6: ='別紙1-3'!D7 -> 0 | E6: =B6-C6-D6 -> 0
A7: 参加費 | B7: ='別紙1-3'!D8 -> 0 | E7: =B7-C7-D7 -> 0
A8: その他 | B8: ='別紙1-3'!D9 -> 0 | E8: =B8-C8-D8 -> 0
A9: 合計 | B9: =SUM(B5:B8) -> 0 | C9: =SUM(C5:C8) -> 0 | D9: =SUM(D5:D8) -> 0 | E9: =SUM(E5:E8) -> #VALUE!
A11: ２ 支出
A12: 区分 | B12: 予算額 （円） | C12: 支出済額 （円） | D12: 今回支出額 （円） | E12: 今後支出見込額（円） | F12: 備考
A13: 報償費 | B13: ='別紙1-3'!D15 -> 0 | E13: =B13-C13-D13 -> 0
A14: 旅費 | B14: ='別紙1-3'!D16 -> 0 | E14: =B14-C14-D14 -> 0
A15: 需用費 | B15: ='別紙1-3'!D17 -> 0 | E15: =B15-C15-D15 -> 0
A16: 役務費 | B16: ='別紙1-3'!D18 -> 0 | E16: =B16-C16-D16 -> 0
A17: 使用料 及び賃借料 | B17: ='別紙1-3'!D19 -> 0 | E17: =B17-C17-D17 -> 0
A18: その他 | B18: ='別紙1-3'!D20 -> 0 | E18: =B18-C18-D18 -> 0
A19: 合 計 | B19: =SUM(B13:B18) -> 0 | C19: =SUM(C13:C18) -> 0 | D19: =SUM(D13:D18) -> 0 | E19: =SUM(E13:E18) -> 0
A20: （注）別紙１－３の予算額と対比させ、作成すること。
A21: なお、区分毎の内訳については、別途概算払請求に係る支出明細書（別紙２－４）を作成
A22: すること。

Sheet 別紙2-4
A1: 別紙２－４
A2: 概算払請求に係る支出明細書
A3: 区分 | B3: 内容 | C3: 予算額 | E3: 支出済内容 | H3: 今回支出内容 | K3: 今後 見込額 （円） | L3: 左の内 補助金 充当額 （円） | M3: 備考
C4: 事業費 （円） | D4: 左の内 補助金額 （円） | E4: 数量 | F4: 支出額 （円） | G4: 左の内 補助金 充当額 （円） | H4: 数量 | I4: 支出額 （円） | J4: 左の内 補助金 充当額 （円）
A5: 報償費 | B5: 講師謝金 | K5: =C5-F5-I5 -> 0
K6: =C6-F6-I6 -> 0
K7: =C7-F7-I7 -> 0
B8: 小計 | F8: =SUM(F5:F7) -> 0 | I8: =SUM(I5:I7) -> 0 | K8: =SUM(K5:K7) -> 0
A9: 旅費 | B9: 講師旅費 | K9: =C9-F9-I9 -> 0
K10: =C10-F10-I10 -> 0
K11: =C11-F11-I11 -> 0
B12: 小計 | F12: =SUM(F9:F11) -> 0 | I12: =SUM(I9:I11) -> 0 | K12: =SUM(K9:K11) -> 0
A13: 需用費 | B13: 消耗品費 | K13: =C13-F13-I13 -> 0
B14: 燃料代 | K14: =C14-F14-I14 -> 0
B15: 印刷製本費 | K15: =C15-F15-I15 -> 0
B16: 修繕費 | K16: =C16-F16-I16 -> 0
B17: 資材購入費 | K17: =C17-F17-I17 -> 0
K18: =C18-F18-I18 -> 0
B19: 小計 | F19: =SUM(F13:F18) -> 0 | I19: =SUM(I13:I18) -> 0 | K19: =SUM(K13:K18) -> 0
A20: 役務費 | K20: =C20-F20-I20 -> 0
K21: =C21-F21-I21 -> 0
B22: 小計 | F22: =SUM(F20:F21) -> 0 | G22: =SUM(G20:G21) -> 0 | I22: =SUM(I20:I21) -> 0 | J22: =SUM(J20:J21) -> 0 | K22: =SUM(K20:K21) -> 0
A23: 使用料 及び 賃借料 | K23: =C23-F23-I23 -> 0
K24: =C24-F24-I24 -> 0
B25: 小計 | F25: =SUM(F23:F24) -> 0 | I25: =SUM(I23:I24) -> 0 | K25: =SUM(K23:K24) -> 0
A26: その他 | K26: =C26-F26-I26 -> 0
K27: =C27-F27-I27 -> 0
B28: 小計 | F28: =SUM(F26:F27) -> 0 | I28: =SUM(I26:I27) -> 0 | K28: =SUM(K26:K27) -> 0
A29: 合計 | F29: =F8+F12+F19+F22+F25+F28 -> 0 | G29: =ROUNDDOWN(G8+G12+G19+G22+G25+G28,-3) -> 0 | I29: =I8+I12+I19+I22+I25+I28 -> 0 | J29: =ROUNDDOWN(J8+J12+J19+J22+J25+J28,-3) -> 0 | K29: =K8+K12+K19+K22+K25+K28 -> 0 | L29: =ROUNDDOWN(L8+L12+L19+L22+L25+L28,-3) -> 0
A30: （注）備考欄には具体的な内容を記載すること。
A31: （注）原則課税事業者の場合は税抜の金額で作成すること。
A32: （注）必要に応じて、行を追加して作成すること。
